 Dungeon Crawl Stone Soup version 0.27.1-2-g3b301248ec (webtiles) character file.

Game seed: 1455103828066344053

18 Elvor the Sneak (level 2, -2/19 HPs)
             Began as a Gargoyle Delver on Sept 24, 2021.
             Slain by a river rat (4 damage)
             ... in a sewer.
             The game lasted 00:02:28 (162 turns).

Elvor the Sneak (Gargoyle Delver)                    Turns: 162, Time: 00:02:28

Health: -2/19      AC:  5    Str: 15    XL:     2   Next: 70%
Magic:  2/2        EV: 11    Int: 10    God:
Gold:   8          SH:  0    Dex: 11    Spells: 1/1 levels left

rFire    . . .     SeeInvis .   a - +0 mace
rCold    . . .     Faith    .   (no shield)
rNeg     + . .     Spirit   .   b - +0 leather armour
rPois    ∞         Reflect  .   (no helmet)
rElec    +         Harm     .   (no cloak)
rCorr    .         Rampage  .   (no gloves)
Will     .....                  (no boots)
Stlth    +++.......             (no amulet)
HPRegen  0.06/turn              (no ring)
MPRegen  0.08/turn              (no ring)

@: no status effects
A: sickness immunity, AC +2, negative energy resistance 1, electricity
resistance, torment resistance 1, petrification resistance
a: no special abilities


You were in a sewer.
You visited 1 branch of the dungeon, and saw 1 of its levels.
You also visited: Sewer.

You collected 8 gold pieces.

Inventory:

Hand Weapons
 a - a +0 mace (weapon)
Armour
 b - a +0 leather armour (worn)
Wands
 g - a wand of digging (3)
Scrolls
 c - a scroll of fog
 e - a scroll of fear


   Skills:
 + Level 3.5 Fighting
 + Level 2.0 Maces & Flails
 + Level 1.7 Dodging
 + Level 5.9 Stealth


You had one spell level left.
You didn't know any spells.
Your spell library was empty.

Dungeon Overview and Level Annotations

Branches:
Dungeon (5/15)             Temple (0/1) D:5           Sewer (1/1)

Altars:


Innate Abilities, Weirdness & Mutations

You are immune to sickness and miasma.
Your stone body is resilient. (AC +2)
You are immune to poison.
You resist negative energy. (rN+)
You are resistant to electric shocks. (rElec)
You are resistant to unholy torment.
You are immune to petrification.


Message History

You feel yourself speed up. The river rat barely misses you.
You hit the river rat but do no damage.
The river rat is lightly wounded.
The river rat completely misses you.
You hit the river rat.
The river rat is heavily wounded.
The river rat barely misses you.
You closely miss the river rat.
The river rat is heavily wounded.
The river rat completely misses you.
You closely miss the river rat.
The river rat is heavily wounded.
The river rat completely misses you.
You closely miss the river rat.
The river rat is heavily wounded.
The river rat bites you but does no damage.
You barely miss the river rat.
The river rat is heavily wounded.
The river rat barely misses you.
You hit the river rat.
The river rat is severely wounded.
You hit the river rat but do no damage.
The river rat is severely wounded.
The river rat barely misses you.
You hit the river rat.
You kill the river rat!
You closely miss the river rat. The river rat closely misses you.
You barely miss the river rat. The river rat closely misses you.
You hit the river rat.
The river rat is heavily wounded.
The river rat bites you.
* * * LOW HITPOINT WARNING * * *
It was a potion of cancellation.
Your magical effects are unravelling.
You feel magically purged.
You feel yourself slow down.
You barely miss the river rat.
The river rat is heavily wounded.
The river rat bites you.
You die...

#.#
#.#
#.#
#∩#
#.#
#∩#
#.#
#r#
#@#
#.#
###


You could see a river rat.

Vanquished Creatures
  A river rat (Sewer)
  4 ball pythons (D:5)
  A giant cockroach (D:5)
  4 rats
10 creatures vanquished.

Notes
Turn   | Place    | Note
-------+----------+-------------------------------------------
     0 | D:5      | Elvor the Gargoyle Delver began the quest for the Orb.
     0 | D:5      | Reached XP level 1. HP: 14/14 MP: 1/1
   115 | D:5      | Reached XP level 2. HP: 13/19 MP: 2/2
   121 | D:5      | Found a glowing drain.
   132 | Sewer    | Entered a sewer
   162 | Sewer    | Slain by a river rat

Illustrated notes

Levels and vault maps discovered:
D:5:      layout_basic, minmay_temple_entry_large_hall, portal_sewer_entry_e
Sewer:    sewer_kobolds

Action                   || total
-------------------------++-------
Melee: Mace              ||    44
  Use: Scroll            ||     1
       Potion            ||     2
 Stab: Sleeping          ||     2
Armor: Leather armour    ||    13
Dodge: Dodged            ||    24
